Match 44848298
Unlisted

Match 44848298
End
Pioneer Squad
Construct Infanterie Kompanie
MG 42 Machine Gun Team
Selects Breakthrough Battlegroup
Selects Assault Grenadiers
Grenadier Squad
Grenadier Squad
GrW 34 Mortar Team
Infanterie Officer Quarters
Construct Panzergrenadier Kompanie
Pak 40 Anti-tank Gun Team
Panzergrenadier Squad
Selects Smoke Bombing Run
Selects Mechanized Assault Group
Pak 40 Anti-tank Gun Team
Mechanized Assault Group
Mechanized Assault Group
Smoke Bombing Run
Construct Panzer Kompanie
Panzer IV Medium Tank
Selects Rapid Production
Selects Blitzkrieg
Pioneer Squad
Panzer IV Medium Tank
Panzer Officer Quarters
Side Skirts
Panzer IV Medium Tank
Pak 40 Anti-tank Gun Team
Support Elements
Mechanized Assault Group
Selects Tiger Heavy Tank
Tiger Heavy Tank
Gatom
oldeenglishdry
旧日支配者
rangeman
jde513
eorkf9
0
0

Comments sign in to comment!

No comments posted yet!